 Dungeon Crawl Stone Soup version 0.19.5 (webtiles) character file.

483677 JeffiDaFish the Warrior (level 24, -28/246 HPs)
             Began as a Gargoyle Fighter on Dec 16, 2017.
             Was the Champion of Okawaru.
             Killed from afar by a Hell Sentinel (29 damage)
             ... with damnation
             ... on level 4 of the Vaults on Dec 20, 2017.
             The game lasted 02:30:06 (51004 turns).

JeffiDaFish the Warrior (Gargoyle Fighter)         Turns: 51004, Time: 02:30:08

Health: -28/246    AC: 49    Str: 28    XL:     24   Next: 91%
Magic:  28/31      EV: 28    Int: 10    God:    Okawaru [******]
Gold:   1065       SH: 25    Dex: 26    Spells: 1 memorised, 21 levels left

rFire  + . .     SeeInvis .     R - +8 morningstar (vamp)
rCold  . . .     Gourm    .     G - +6 chain mail {rF+}
rNeg   + . .     Faith    .     j - +5 shield {reflect}
rPois  ∞         Spirit   .     F - +0 helmet of Kitoapnody {rPois rF- Dex+6} (curse)
rElec  +         Reflect  +     r - +2 cloak {MR+}
rCorr  .         Harm     .     M - +0 pair of fencer's gloves {+Riposte Dex+3}
MR     ++...                    N - +2 pair of boots
Stlth  ..........               E - +2 amulet of reflection
                                L - +4 ring of evasion
                                t - ring of protection from fire

@: berserking, very quick
A: big wings, negative energy resistance 1, electricity resistance, unbreathing,
petrification resistance, rot immunity, AC +17
a: Fly, Heroism, Finesse, Renounce Religion
}: 2/15 runes: decaying, serpentine


You were on level 4 of the Vaults.
You worshipped Okawaru.
Okawaru was exalted by your worship.
You were not hungry.

You visited 8 branches of the dungeon, and saw 41 of its levels.
You visited the Abyss 3 times.
You visited 2 bazaars.
You also visited: Volcano and Wizlab.

You collected 4256 gold pieces.
You spent 3191 gold pieces at shops.

Inventory:

Hand Weapons
 m - a +9 flail of electrocution
 C - the +0 hand crossbow of Doom {speed, +Inv rF+ rC+ rN+}
   (Okawaru gifted it to you on level 3 of the Lair of Beasts)

   Attacks with this weapon are significantly faster.
   It protects you from fire.
   It protects you from cold.
   It protects you from negative energy.
   It lets you turn invisible.
 R - a +8 vampiric morningstar (weapon)
Missiles
 J - 1540 bolts
Armour
 j - a +5 shield of reflection (worn)
 r - a +2 cloak of magic resistance (worn)
 F - the cursed +0 helmet of Kitoapnody (worn) {rPois rF- Dex+6}
   (You found it on level 2 of the Snake Pit)

   It affects your dexterity (+6).
   It makes you vulnerable to fire.
   It protects you from poison.
   It has a curse placed upon it.
 G - a +6 chain mail of fire resistance (worn)
 M - the +0 pair of fencer's gloves (worn) {+Riposte Dex+3}
   (You bought it in a shop in a bazaar)

   It affects your dexterity (+3).
 N - a +2 pair of boots (worn)
Rods
 y - a +5 rod of clouds (15/15)
   (You took it off a vampire on level 12 of the Dungeon)
Jewellery
 s - an uncursed ring of protection from fire
 t - a ring of protection from fire (left hand)
 E - a +2 amulet of reflection (around neck)
 I - a +3 ring of dexterity
 K - an uncursed ring of see invisible
 L - a +4 ring of evasion (right hand)
Wands
 k - a wand of confusion (17/48)
Scrolls
 b - a scroll of summoning
 c - 3 scrolls of fear
 e - 26 scrolls of remove curse
 h - 10 scrolls of fog
 l - 8 scrolls of teleportation
 n - 10 scrolls of identify
 p - a scroll of silence
 u - 4 scrolls of magic mapping
 w - a scroll of amnesia
 D - a scroll of recharging
 U - a scroll of brand weapon
Potions
 d - a potion of magic
 o - 5 potions of berserk rage
 v - 3 potions of cancellation
 x - 2 potions of ambrosia
 z - 5 potions of agility
 A - 2 potions of brilliance
 B - 8 potions of haste
 O - 4 potions of might
 P - a potion of resistance
 V - a potion of cure mutation
Books
 H - a book of Minor Magic

   Spells                             Type                      Level
   a - Magic Dart                     Conjuration                  1
   b - Blink                          Translocation                2
   c - Call Imp                       Summoning                    2
   d - Repel Missiles                 Charms/Air                   2
   e - Slow                           Hexes                        2
   f - Conjure Flame                  Conjuration/Fire             3
   g - Mephitic Cloud                 Conjuration/Poison/Air       3
Comestibles
 a - 17 chunks of flesh
 f - 6 bread rations
 g - 15 meat rations
 i - 11 beef jerkies
 q - 11 slices of pizza
 S - 15 fruits
 T - a royal jelly


   Skills:
 + Level 20.5 Fighting
 + Level 20.1 Maces & Flails
 * Level 17.6 Armour
 * Level 16.3 Dodging
 - Level 2.3 Stealth
 * Level 20.0 Shields
 - Level 11.2 Invocations
 - Level 1.0 Evocations


You had 21 spell levels left.
You knew the following spells:

 Your Spells              Type           Power        Failure   Level  Hunger
a - Blink                 Tloc           N/A          99%         2    ###....


Dungeon Overview and Level Annotations

Branches:
Dungeon (15/15)            Temple (1/1) D:4            Lair (6/6) D:10
  Swamp (4/4) Lair:3        Snake (4/4) Lair:3        Slime (0/5) Lair:6
    Orc (2/2) D:9             Elf (0/3) Orc:2        Vaults (4/5) D:13
  Crypt (0/3) Vaults:3     Depths (5/5) D:15            Zot (0/5) Depths:5

Altars:
Cheibriados
Fedhas
Gozag
Hepliaklqana
Kikubaaqudgha
Okawaru
Ru
Trog
Vehumet
Xom
Yredelemnul
Beogh

Shops:
D:7 =   D:11 :   D:14 %   Orc:1 %   Orc:2 [(!   Snake:2 !   Vaults:3 *
Vaults:4 (   Depths:1 }=}   Depths:4 ?

Portals:
Hell: Depths:1 Depths:2 Depths:3 Depths:4 Depths:5
Abyss: Depths:3 Depths:4 Depths:5
Pandemonium: Depths:3
Ziggurat: Depths:4

Annotations:
D:6 Eustachio
Swamp:4 Kirke


Innate Abilities, Weirdness & Mutations

You are resistant to torment.
Your stone body is resilient. (AC +17)
You are immune to poison.
Your large and strong wings let you fly indefinitely.
You resist negative energy. (rN+)
You are resistant to electric shocks. (rElec)
You can survive without breathing.
You are immune to petrification.
You are immune to rotting.


Message History

You hit the Hell Sentinel.
The Hell Sentinel is heavily wounded.
The Hell Sentinel gestures at you.
The sphere of damnation explodes!
The damnation engulfs you!
* * * LOW HITPOINT WARNING * * *
The damnation engulfs the Hell Sentinel.
The Hell Sentinel completely resists.
A red film seems to cover your vision as you go berserk!
Your finesse ends abruptly.
You feel yourself moving faster!
You feel mighty! You block the Hell Sentinel's attack.
The Hell Sentinel hits you but does no damage.
You spit the Hell Sentinel like a pig!!!
The Hell Sentinel is severely wounded.
You are struck by the Hell Sentinel's spines.
* * * LOW HITPOINT WARNING * * *
You hit the Hell Sentinel but do no damage.
The Hell Sentinel is severely wounded.
The Hell Sentinel gestures at you.
The sphere of damnation explodes!
The damnation engulfs you!
You die...

.................................
.................................
.................................
.................................
########...........##+########...
.... #.........).#....... #...
.... #...........#....... #...
.... #...........#....... #...
.... #........@..'....... #...
.... #........1..#....... #...
.... #...........#...<... #...
.... ..........+....... #... ....
..........#....... #... ....
..........#....... #... ....
..........###########... ####
..............[...[..... ....
......................


You could see a Hell Sentinel.

Vanquished Creatures
  Mara (Vaults:4)
  A juggernaut (Depths:5)
  3 greater mummies (Depths:4)
  Bai Suzhen (Depths:3)
  Margery (Vaults:3)
  Xtahua (Vaults:4)
  Vashnia (Snake:4)
  Nikola (Swamp:2)
  A golden dragon (Depths:3)
  Jory (Vaults:4)
  Jorgrun (Swamp:4)
  3 tentacled monstrosities
  6 liches
  A quicksilver dragon (Depths:4)
  2 sphinxes
  6 tentacled starspawn
  4 tengu reavers
  A thorn hunter (Swamp:4)
  3 shadow dragons
  Donald (Snake:4)
  3 storm dragons
  14 nagarajas
  The ghost of FangTR18 the Tortoise, a journeyman MiFi of Okawaru (Orc:2)
  6 frost giants
  Roxanne (Swamp:2)
  A draconian scorcher (Depths:5)
  A draconian knight (Depths:5)
  9 fire giants
  An orc warlord (Orc:2)
  A draconian zealot (Depths:5)
  7 vault wardens
  Louise (Swamp:2)
  Aizul (Snake:4)
  13 ironheart preservers
  A ghoul (Vaults:2)
  A war gargoyle (Vaults:3)
  15 very ugly things
  A spriggan defender (Depths:3)
  An entropy weaver (Vaults:3)
  17 stone giants
  Nessos (Lair:5)
  A juggernaut skeleton (Depths:3)
  2 green draconians (Depths:5)
  A reaper (WizLab)
  A mottled draconian (Depths:5)
  4 vampire knights
  A yellow draconian (Depths:5)
  8 spark wasps (Depths:2)
  10 fire dragons
  2 blizzard demons
  An eidolon (Vaults:3)
  9 ettins
  2 deep elf death magi
  2 death oozes (Swamp:4)
  3 green deaths
  4 merfolk impalers
  2 mummy priests (Depths:4)
  7 yaktaur captains
  17 ogre magi
  6 rakshasas
  23 hydras
  8 great orbs of eyes
  2 hell beasts
  Erolcha (Orc:2)
  11 ice dragons
  3 death knights
  2 spriggan air magi (Depths:5)
  6 naga warriors
  7 vault guards
  Harold (Orc:1)
  3 catoblepae
  Erica (Orc:1)
  2 ghost crabs (Swamp:2)
  11 alligators
  An alligator (shapeshifter) (Vaults:2)
  10 anacondas
  8 centaur warriors
  10 tengu warriors
  8 deep troll earth magi
  A vampire mage (Depths:4)
  6 death yaks (Lair:6)
  4 thrashing horrors
  10 deep troll shamans
  7 spriggan berserkers
  3 shock serpents
  Sonja (Lair:1)
  A sun demon (WizLab)
  A soul eater (Depths:3)
  18 naga sharpshooters
  Nergalle (D:10)
  10 hell knights
  12 deep elf knights
  3 iron trolls
  A spatial maelstrom (Abyss:3)
  A titan skeleton (Depths:3)
  A skeletal warrior (Vaults:2)
  3 salamander mystics
  3 wretched stars (Abyss:3)
  2 spriggan druids
  8 sea snakes (Snake:4)
  6 glowing orange brains
  A shadow wraith (Abyss:3)
  30 deep trolls
  2 flayed ghosts
  9 hill giants
  8 naga ritualists
  An orange crystal statue (Depths:1)
  A tengu zombie (Depths:3)
  15 ironbrand convokers
  An unseen horror (Vaults:1)
  A shadow dragon zombie (Depths:3)
  A shambling mangrove (Swamp:3)
  4 phantasmal warriors
  8 wizards
  6 swamp dragons
  2 deep elf archers
  5 harpies (Vaults:1)
  A lindwurm (Lair:5)
  12 orc knights
  9 deep elf magi
  12 necromancers
  12 mana vipers
  13 orc sorcerers
  2 human zombies (Vaults:3)
  2 wolf spider zombies
  7 cyclopes
  2 frost giant zombies (Depths:3)
  A stone giant zombie (Vaults:2)
  45 ugly things
  17 salamanders
  A wolf spider (Vaults:1)
  2 manticores
  A sphinx skeleton (Depths:3)
  15 vault sentinels
  3 worldbinders (Abyss:3)
  3 elephants (Lair:6)
  A fire giant skeleton (Depths:3)
  7 guardian serpents
  Maurice (Orc:1)
  3 rust devils
  15 naga magi
  54 black mambas
  3 orange demons
  Psyche (D:11)
  13 spiny frogs
  2 molten gargoyles (Volcano)
  3 gargoyles
  5 smoke demons
  3 efreet
  A kobold demonologist (D:14)
  A tormentor (WizLab)
  A yaktaur zombie (Vaults:4)
  A rime drake (Lair:6)
  8 freezing wraiths
  34 yaktaurs
  11 komodo dragons
  A spriggan skeleton (Depths:1)
  A red devil (Depths:5)
  4 ancient zymes
  2 tengu conjurers
  An ice devil (Depths:3)
  A polar bear (shapeshifter) (Depths:5)
  Grinder (D:4)
  6 tyrant leeches
  A shadow dragon simulacrum (Depths:3)
  11 hornets
  A tyrant leech (shapeshifter) (Abyss:3)
  7 trolls
  A slime creature (shapeshifter) (Depths:5)
  A jumping spider (shapeshifter) (D:14)
  15 raiju
  9 blink frogs
  31 two-headed ogres
  44 slime creatures
  12 bog bodies
  A dream sheep (shapeshifter) (Vaults:2)
  2 fire giant simulacra
  A hippogriff (shapeshifter) (Vaults:4)
  Sigmund (D:6)
  A frost giant simulacrum (Depths:1)
  6 spriggans
  8 hippogriffs
  2 vampires
  A spriggan (shapeshifter) (Vaults:3)
  13 flying skulls
  3 air elementals (Depths:5)
  An ice dragon skeleton (Depths:1)
  13 water elementals
  2 ynoxinuls
  19 humans
  A tarantella (shapeshifter) (Vaults:3)
  A fire bat (Volcano)
  A wyvern (D:14)
  2 shadows (Swamp:4)
  A hog (shapeshifter) (Vaults:1)
  3 wraiths
  49 yaks
  3 hungry ghosts
  An elf simulacrum (Depths:5)
  A human (shapeshifter) (Depths:2)
  A basilisk (shapeshifter) (Vaults:4)
  8 hogs
  A golden eye (shapeshifter) (Depths:4)
  A yaktaur simulacrum (Vaults:1)
  18 vampire mosquitoes
  2 neqoxecs
  2 human simulacra (Vaults:3)
  2 basilisks
  26 insubstantial wisps
  5 small abominations
  A spatial vortex (Abyss:3)
  10 large abominations
  23 swamp worms
  A chaos spawn (Abyss:1)
  2 mottled dragons
  38 nagas
  A harpy simulacrum (Vaults:1)
  A water moccasin (shapeshifter) (Vaults:4)
  4 wargs
  A deep troll zombie (Vaults:3)
  9 water moccasins
  Edmund (D:6)
  5 porcupines
  3 swamp drakes
  4 black bears
  An ice beast (shapeshifter) (D:14)
  33 orc warriors
  2 phantoms
  2 black bears (shapeshifter)
  6 sky beasts
  3 ice beasts
  An ettin simulacrum (Vaults:4)
  An eye of draining (D:15)
  55 ogres
  14 wolves
  6 necrophages
  19 centaurs
  The ghost of Jazzimus the Cutter, an amateur MiAr (D:3)
  A wolf (shapeshifter) (Depths:2)
  9 crocodiles
  A boggart (shapeshifter) (Depths:1)
  7 boggarts
  2 big kobolds
  A wyvern zombie (D:9)
  13 bullfrogs
  Blork the orc (D:4)
  A gnoll sergeant (D:5)
  A glowing shapeshifter simulacrum (Vaults:3)
  3 earth elementals (Volcano)
  A wyvern skeleton (D:9)
  7 scorpions
  32 killer bees
  12 wights
  6 howler monkeys
  5 electric eels
  6 crimson imps
  16 starcursed masses
  2 bullfrog zombies
  5 lava snakes (Volcano)
  18 orc priests
  6 hounds
  2 centaur zombies
  An iron imp (Abyss:3)
  3 jellies
  4 bullfrog skeletons
  4 centaur skeletons
  Jessica (D:2)
  5 iguanas
  Natasha (thrice) (D:3)
  47 orc wizards
  9 worker ants
  A shapeshifter simulacrum (Depths:1)
  8 ogre zombies (D:9)
  A worker ant zombie (D:11)
  2 hound skeletons
  A howler monkey skeleton (D:5)
  15 adders
  7 gnolls
  2 shadow imps
  A white imp (Abyss:1)
  An ooze (D:1)
  An adder skeleton (D:9)
  2 adder zombies (D:5)
  3 worms
  4 dart slugs
  A leopard gecko (D:5)
  121 orcs
  13 bats
  2 giant cockroaches
  3 goblins
  8 hobgoblins
  13 jackals
  6 quokkas
  A ball python (D:5)
  7 frilled lizards
  A goblin skeleton (D:9)
  2 goblin zombies (D:9)
  4 hobgoblin skeletons (D:9)
  4 hobgoblin zombies (D:9)
  A jackal skeleton (D:6)
  11 kobolds
  2 leopard gecko skeletons
  5 orc skeletons
  10 orc zombies (D:9)
  A quokka skeleton (D:6)
  6 rats
  3 starspawn tentacles
1974 creatures vanquished.

Vanquished Creatures (others)
  A lich (Depths:1)
  A very ugly thing (Depths:4)
  A stone giant (Depths:2)
  A deep elf annihilator (Vaults:3)
  2 merfolk javelineers
  3 yaktaur captains
  A centaur warrior (D:15)
  3 naga sharpshooters (Snake:4)
  A shadow wraith (Vaults:3)
  A sea snake (Snake:4)
  A deep elf archer (Vaults:1)
  A necromancer (Vaults:2)
  A cyclops (Vaults:2)
  9 yaktaurs
  A tyrant leech (Swamp:1)
  A hornet (Swamp:1)
  A bog body (Swamp:2)
  A spriggan (Swamp:2)
  An air elemental (Depths:5)
  A naga (Snake:4)
  An orc warrior (Vaults:3)
  A boggart (Depths:2)
  An ogre (Vaults:3)
  3 centaurs (D:14)
  A crimson imp (D:15)
  2 orc wizards (Orc:2)
  2 kobolds
  A bush (D:9)
  6 fungi (Lair:6)
  2 lurking horrors (Abyss:3)
  10 plants
  11 starspawn tentacles
74 creatures vanquished.

Grand Total: 2048 creatures vanquished

Notes
Turn   | Place    | Note
-------+----------+-------------------------------------------
     0 | D:1      | JeffiDaFish the Gargoyle Fighter began the quest for the Orb.
     0 | D:1      | Reached XP level 1. HP: 14/14 MP: 1/1
   214 | D:1      | Reached XP level 2. HP: 19/19 MP: 2/2
   484 | D:1      | Reached XP level 3. HP: 22/23 MP: 3/3
   698 | D:2      | Noticed Jessica
   815 | D:2      | Killed Jessica
   815 | D:2      | Reached XP level 4. HP: 14/28 MP: 4/4
  1025 | D:2      | Found a bloodstained altar of Trog.
  1133 | D:2      | Reached skill level 1 in Dodging
  1166 | D:2      | Reached XP level 5. HP: 17/33 MP: 5/5
  1452 | D:3      | Noticed Natasha
  1473 | D:3      | Noticed Jazzimus's ghost (amateur MiAr)
  1475 | D:3      | Killed Natasha
  1510 | D:3      | Killed Jazzimus's ghost
  1510 | D:3      | Reached XP level 6. HP: 22/38 MP: 6/6
  1550 | D:3      | Noticed Natasha
  1567 | D:3      | Killed Natasha
  1801 | D:3      | Noticed Natasha
  1809 | D:3      | Killed Natasha
  2128 | D:3      | Reached XP level 7. HP: 42/43 MP: 7/7
  2138 | D:3      | Reached skill level 5 in Shields
  2195 | D:4      | Found a staircase to the Ecumenical Temple.
  2197 | D:4      | Noticed Grinder
  2240 | D:4      | Paralysed by Grinder for 2 turns
  2247 | D:4      | Killed Grinder
  2247 | D:4      | Reached skill level 5 in Maces & Flails
  2277 | Temple   | Entered the Ecumenical Temple
  2436 | Temple   | Became a worshipper of Warmaster Okawaru
  2474 | D:4      | Noticed Blork the orc
  2485 | D:4      | Killed Blork the orc
  2614 | D:4      | Reached XP level 8. HP: 24/48 MP: 8/8
  2978 | D:4      | Reached skill level 5 in Armour
  3189 | D:5      | Entered Level 5 of the Dungeon
  3267 | D:5      | Found an opulent altar of Gozag.
  3295 | D:5      | Reached * piety under Okawaru
  3618 | D:5      | Reached skill level 5 in Fighting
  3902 | D:5      | Gained mutation: Your magical capacity is low. (-10% MP) [potion of mutation]
  3902 | D:5      | Gained mutation: You evolve. [potion of mutation]
  3902 | D:5      | Gained mutation: You are clumsy. (Dex -2) [potion of mutation]
  4059 | D:5      | Found a shimmering altar of Xom.
  4059 | D:5      | Found a shimmering altar of Xom.
  4068 | D:5      | Found a shimmering altar of Xom.
  4068 | D:5      | Found a shimmering altar of Xom.
  4157 | D:6      | Lost mutation: Your magical capacity is low. (-10% MP) [evolution]
  4324 | D:6      | Noticed Eustachio
  4560 | D:6      | Noticed Edmund
  4573 | D:6      | Killed Edmund
  4573 | D:6      | Reached ** piety under Okawaru
  4573 | D:6      | Reached XP level 9. HP: 43/54 MP: 9/9
  4787 | D:6      | Noticed Sigmund
  4813 | D:6      | Killed Sigmund
  5428 | D:7      | Found a sacrificial altar of Ru.
  5458 | D:7      | Reached *** piety under Okawaru
  5702 | D:7      | Found Boquotog's Jewellery Shoppe.
  5724 | D:7      | Bought a +3 ring of dexterity for 235 gold pieces
  5814 | D:7      | Reached XP level 10. HP: 38/60 MP: 10/10
  6119 | D:7      | Reached **** piety under Okawaru
  6322 | D:8      | Found a radiant altar of Vehumet.
  6742 | D:8      | Gained mutation: You have a pair of small horns on your head. [evolution]
  6962 | D:8      | Reached skill level 10 in Maces & Flails
  7073 | D:9      | Found a staircase to the Orcish Mines.
  7166 | D:9      | Paralysed by fainting for 10 turns
  7532 | D:9      | Reached ***** piety under Okawaru
  7901 | D:9      | Reached XP level 11. HP: 67/67 MP: 11/11
  7969 | D:9      | Found a blossoming altar of Fedhas.
  8315 | D:10     | Entered Level 10 of the Dungeon
  8315 | D:10     | Noticed Nergalle
  8338 | D:10     | Killed Nergalle
  8744 | D:10     | Found a staircase to the Lair.
  8940 | D:10     | Reached skill level 10 in Shields
  9308 | Lair:1   | Entered Level 1 of the Lair of Beasts
  9440 | Lair:1   | Noticed Sonja
  9614 | Lair:1   | Noticed a five-headed hydra
  9614 | Lair:1   | Killed Sonja
  9626 | Lair:1   | Killed a five-headed hydra
  9946 | Lair:1   | Reached ****** piety under Okawaru
 10145 | Lair:2   | Found an iron altar of Okawaru.
 10386 | Lair:2   | Reached skill level 1 in Evocations
 10772 | Lair:2   | Noticed a four-headed hydra
 10782 | Lair:2   | Killed a four-headed hydra
 10782 | Lair:2   | Reached skill level 1 in Stealth
 10782 | Lair:2   | Reached XP level 12. HP: 55/74 MP: 12/12
 11308 | Lair:3   | Found a staircase to the Snake Pit.
 11314 | Lair:3   | Received a gift from Okawaru
 11323 | Lair:3   | Got a translucent hand crossbow {god gift}
 11327 | Lair:3   | Identified the +0 hand crossbow of Doom {speed, +Inv rF+ rC+ rN+} (Okawaru gifted it to you on level 3 of the Lair of Beasts)
 11479 | Lair:3   | Found a staircase to the Swamp.
 12975 | Lair:5   | Noticed Nessos
 12989 | Lair:5   | Killed Nessos
 13080 | Lair:5   | Found a dark tunnel.
 13102 | Lair:5   | Reached skill level 10 in Armour
 13137 | Lair:5   | Noticed a four-headed hydra
 13155 | Lair:5   | Killed a four-headed hydra
 13195 | Volcano  | Entered a volcano
 14043 | Volcano  | Found a radiant altar of Vehumet.
 14047 | Volcano  | Received a gift from Okawaru
 14086 | Volcano  | Noticed a stone giant
 14092 | Volcano  | Killed a stone giant
 14092 | Volcano  | Reached XP level 13. HP: 80/80 MP: 13/13
 14549 | Lair:5   | Gained mutation: Your flesh is cold resistant. (rC+) [evolution]
 14694 | Lair:6   | Entered Level 6 of the Lair of Beasts
 14771 | Lair:6   | Received a gift from Okawaru
 14950 | Lair:6   | Found a staircase to the Slime Pits.
 15275 | Lair:6   | Received a gift from Okawaru
 15275 | Lair:6   | Reached skill level 10 in Fighting
 16131 | D:11     | Gained mutation: Your large and strong wings let you fly indefinitely. [Gargoyle growth]
 16131 | D:11     | Reached XP level 14. HP: 76/88 MP: 14/14
 16271 | D:11     | Found Losohuebb's Book Emporium.
 16292 | D:11     | Bought a book of Minor Magic for 260 gold pieces
 16299 | D:11     | Learned a level 2 spell: Blink
 16314 | D:11     | Noticed Psyche
 16319 | D:11     | Killed Psyche
 17207 | D:12     | Received a gift from Okawaru
 17259 | D:12     | Reached skill level 1 in Invocations
 17745 | D:12     | Got a bound jade amulet
 17746 | D:12     | Identified the amulet of Reimbursement {Gourm rF++ rN+ Str-3} (You found it on level 12 of the Dungeon)
 17979 | D:12     | Lost mutation: You are clumsy. (Dex -2) [evolution]
 18473 | D:12     | Received a gift from Okawaru
 18733 | D:13     | Reached skill level 15 in Maces & Flails
 18811 | D:13     | Reached skill level 5 in Dodging
 18894 | D:13     | Found a gate to the Vaults.
 19273 | D:12     | Received a gift from Okawaru
 19276 | D:12     | Got a pair of scorched gloves {god gift}
 19282 | D:12     | Identified the +1 pair of gloves of Okawaru's Delight {rN+ Int+4} (Okawaru gifted it to you on level 12 of the Dungeon)
 19975 | D:13     | Reached XP level 15. HP: 95/95 MP: 17/17
 20413 | D:14     | Gained mutation: You rapidly evolve. [evolution]
 21060 | D:14     | Found Pusiw's Food Shop.
 21243 | D:14     | Found an opulent altar of Gozag.
 21538 | D:15     | Entered Level 15 of the Dungeon
 21870 | D:15     | Received a gift from Okawaru
 22191 | D:15     | Lost mutation: You rapidly evolve. [potion of cure mutation]
 22191 | D:15     | Lost mutation: You evolve. [potion of cure mutation]
 22191 | D:15     | Lost mutation: You have a pair of small horns on your head. [potion of cure mutation]
 22256 | D:15     | Reached skill level 5 in Invocations
 22265 | D:15     | Found a staircase to the Depths.
 22635 | Orc:1    | Entered Level 1 of the Orcish Mines
 22635 | Orc:1    | Noticed Maurice
 22652 | Orc:1    | Killed Maurice
 22841 | Orc:1    | Noticed Erica
 22849 | Orc:1    | Killed Erica
 23022 | Orc:1    | Noticed Harold
 23036 | Orc:1    | Killed Harold
 23151 | Orc:1    | Cast into level 1 of the Abyss (orc warrior)
 23367 | Abyss:1  | Noticed a tentacled starspawn
 23378 | Abyss:1  | Killed a tentacled starspawn
 23378 | Abyss:1  | Received a gift from Okawaru
 23425 | Abyss:1  | Noticed a tentacled starspawn
 23433 | Abyss:1  | Killed a tentacled starspawn
 23518 | Abyss:1  | Received a gift from Okawaru
 23588 | Abyss:1  | Noticed a tentacled starspawn
 23605 | Abyss:1  | Killed a tentacled starspawn
 23605 | Abyss:1  | Reached XP level 16. HP: 90/103 MP: 20/20
 23607 | Orc:1    | Escaped the Abyss
 23878 | Orc:1    | Found Bypruofiulo's Food Emporium.
 23940 | Orc:2    | Entered Level 2 of the Orcish Mines
 23949 | Orc:2    | Noticed FangTR18's ghost (journeyman MiFi)
 23997 | Orc:2    | Killed FangTR18's ghost
 24146 | Orc:2    | Found a roughly hewn altar of Beogh.
 24165 | Orc:2    | Paralysed by an orc sorcerer for 6 turns
 24296 | Orc:2    | Paralysed by an orc sorcerer for 4 turns
 24310 | Orc:2    | Paralysed by an orc sorcerer for 5 turns
 24409 | Orc:2    | Found an ancient bone altar of Kikubaaqudgha.
 24448 | Orc:2    | Reached skill level 15 in Shields
 24491 | Orc:2    | Noticed Erolcha
 24507 | Orc:2    | Killed Erolcha
 24519 | Orc:2    | Found a roughly hewn altar of Beogh.
 24519 | Orc:2    | Found Vowkuot's Distillery.
 24519 | Orc:2    | Found Riveziah's Antique Weapon Emporium.
 24525 | Orc:2    | Found a radiant altar of Vehumet.
 24633 | Orc:2    | Bought a potion of heal wounds for 70 gold pieces
 24633 | Orc:2    | Bought a potion of might for 56 gold pieces
 24633 | Orc:2    | Bought a potion of resistance for 140 gold pieces
 24633 | Orc:2    | Bought a potion of resistance for 140 gold pieces
 24633 | Orc:2    | Bought a potion of cure mutation for 350 gold pieces
 24644 | Orc:2    | Found Lipixood's Antique Armour Emporium.
 24687 | Orc:2    | Found Bum Beys's Book Shoppe.
 24765 | Orc:2    | Found a staircase to the Elven Halls.
 24807 | Orc:2    | Received a gift from Okawaru
 24982 | Orc:2    | Found a roughly hewn altar of Beogh.
 25221 | Orc:2    | Bought a glowing chain mail for 346 gold pieces
 25527 | Snake:1  | Entered Level 1 of the Snake Pit
 26061 | Snake:1  | Received a gift from Okawaru
 26649 | Snake:2  | Got a smoking helmet
 26655 | Snake:2  | Identified the cursed +0 helmet of Kitoapnody {rPois rF- Dex+6} (You found it on level 2 of the Snake Pit)
 26811 | Snake:2  | Found Haucw's Distillery.
 26819 | Snake:2  | Bought a potion of berserk rage for 80 gold pieces
 26819 | Snake:2  | Bought a potion of haste for 160 gold pieces
 26827 | Snake:2  | You are sucked into a shaft!
 26854 | Snake:3  | Noticed a nagaraja
 26864 | Snake:3  | Killed a nagaraja
 26894 | Snake:3  | Noticed a nagaraja
 26904 | Snake:3  | Reached XP level 17. HP: 109/109 MP: 16/22
 26910 | Snake:3  | Received a gift from Okawaru
 27775 | Snake:4  | Entered Level 4 of the Snake Pit
 27957 | Snake:4  | Received a gift from Okawaru
 28426 | Snake:4  | Noticed Vashnia
 28499 | Snake:4  | Killed Vashnia
 28650 | Snake:4  | Noticed Aizul
 28671 | Snake:4  | Killed Aizul
 28704 | Snake:4  | Noticed Donald
 28781 | Snake:4  | Received a gift from Okawaru
 28800 | Snake:4  | HP: 5/111 [nagaraja/poison arrow (17)]
 29154 | Snake:4  | Reached XP level 18. HP: 113/116 MP: 23/23
 29920 | Snake:4  | Killed Donald
 29963 | Snake:4  | Received a gift from Okawaru
 29963 | Snake:4  | Reached skill level 15 in Armour
 29996 | Snake:4  | Got a serpentine rune of Zot
 30201 | Swamp:1  | Entered Level 1 of the Swamp
 30350 | Swamp:1  | Reached skill level 10 in Dodging
 30597 | Swamp:1  | Reached skill level 15 in Fighting
 31068 | Swamp:2  | Noticed Louise
 31088 | Swamp:2  | Killed Louise
 31409 | Swamp:2  | Noticed Nikola
 31453 | Swamp:2  | Killed Nikola
 31834 | Swamp:2  | Reached XP level 19. HP: 124/124 MP: 25/25
 31835 | Swamp:2  | Identified a +5 rod of clouds (15/15) (You took it off a vampire on level 12 of the Dungeon)
 31917 | Swamp:2  | Noticed Roxanne
 32084 | Swamp:2  | Killed Roxanne
 32810 | Swamp:4  | Entered Level 4 of the Swamp
 32875 | Swamp:4  | Noticed Jorgrun
 32887 | Swamp:4  | Killed Jorgrun
 33242 | Swamp:4  | Noticed Kirke
 33742 | Swamp:4  | Received a gift from Okawaru
 33758 | Swamp:4  | Got a decaying rune of Zot
 34528 | Vaults:1 | Entered Level 1 of the Vaults
 35746 | Vaults:1 | Reached XP level 20. HP: 128/131 MP: 27/27
 36269 | Vaults:2 | Reached skill level 10 in Invocations
 36384 | Vaults:2 | Received a gift from Okawaru
 36852 | Vaults:2 | Received a gift from Okawaru
 38077 | Vaults:3 | Noticed Margery
 38111 | Vaults:3 | Killed Margery
 38111 | Vaults:3 | Received a gift from Okawaru
 38544 | Vaults:3 | Reached XP level 21. HP: 82/138 MP: 29/29
 39160 | Vaults:3 | Found a staircase to the Crypt.
 39699 | Vaults:3 | Received a gift from Okawaru
 40458 | Vaults:3 | Found Kuwnaw's Assorted Antiques.
 40469 | Vaults:3 | Identified the +1 chain mail "Gokir" {rPois Regen+} (You found it on level 3 of the Vaults)
 40701 | Vaults:4 | Noticed Mara
 40713 | Vaults:4 | Noticed JeffiDaFish's illusion
 40763 | Vaults:4 | Killed Mara
 41014 | Vaults:4 | Found a magical portal.
 41019 | WizLab   | Entered Doroklohe's Tomb
 41232 | WizLab   | Received a gift from Okawaru
 41375 | Vaults:4 | Gained mutation: You are clumsy. (Dex -2) [a neqoxec]
 42033 | Depths:1 | Entered Level 1 of the Depths
 42080 | Depths:1 | Reached XP level 22. HP: 117/148 MP: 30/30
 42224 | Depths:1 | Found a gateway to Hell.
 42523 | Depths:1 | Found Ufeofiso's Gadget Shop.
 42525 | Depths:1 | Found Elievonga's Jewellery Shoppe.
 42527 | Depths:1 | Found a flickering gateway to a bazaar.
 42527 | Depths:1 | Found Hiec's Gadget Shop.
 42551 | Bazaar   | Entered a bazaar
 42551 | Bazaar   | Found Tuokkoir's Distillery.
 42551 | Bazaar   | Found Duashro's Gadget Shoppe.
 42551 | Bazaar   | Found Moocatul's Armour Emporium.
 42553 | Bazaar   | Found Gacit's Armour Emporium.
 42555 | Bazaar   | Bought a potion of cancellation for 88 gold pieces
 42561 | Bazaar   | Bought the +0 pair of fencer's gloves {+Riposte Dex+3} for 267 gold pieces
 42593 | Depths:1 | Bought an uncursed ring of see invisible for 165 gold pieces
 43114 | Depths:1 | Identified Wiutsin's Handbook of Shifting Calling
 43789 | Depths:2 | Found a flickering gateway to a bazaar.
 43798 | Bazaar   | Entered a bazaar
 43800 | Bazaar   | Found Olagh's General Store.
 43808 | Bazaar   | Found Dafiase's Magic Scroll Shop.
 43812 | Bazaar   | Found Xeruuze's Distillery.
 43818 | Bazaar   | Found Ijeer's Armour Shop.
 43829 | Bazaar   | Found Esaschush's Armour Shop.
 43862 | Bazaar   | Bought a scroll of acquirement for 520 gold pieces
 44203 | Depths:2 | Received a gift from Okawaru
 44934 | Depths:3 | Gained mutation: You are dopey. (Int -2) [a neqoxec]
 44943 | Depths:3 | Found a one-way gate to the infinite horrors of the Abyss.
 45284 | Depths:3 | Reached XP level 23. HP: 155/155 MP: 31/31
 45410 | Depths:3 | Noticed Bai Suzhen
 45470 | Depths:3 | Killed Bai Suzhen
 45470 | Depths:3 | Reached skill level 15 in Dodging
 45818 | Depths:3 | Noticed a golden dragon
 45827 | Depths:3 | Killed a golden dragon
 45842 | Depths:3 | Received a gift from Okawaru
 46098 | Depths:3 | Found a one-way gate leading to the halls of Pandemonium.
 46223 | Depths:4 | Found a gateway to a ziggurat.
 46255 | Depths:4 | Found Leps's Magic Scroll Shoppe.
 46403 | Depths:4 | Bought a scroll of enchant weapon for 157 gold pieces
 46403 | Depths:4 | Bought a scroll of enchant armour for 157 gold pieces
 46496 | Depths:4 | Received a gift from Okawaru
 46565 | Depths:4 | Identified the +7 morningstar of Hubris {drain, rN+} (Okawaru gifted it to you on level 4 of the Depths)
 46757 | Depths:4 | Cast into level 3 of the Abyss (tengu reaver)
 47074 | Abyss:3  | Received a gift from Okawaru
 47090 | Abyss:3  | Lost mutation: You are dopey. (Int -2) [potion of cure mutation]
 47090 | Abyss:3  | Lost mutation: Your flesh is cold resistant. (rC+) [potion of cure mutation]
 47230 | Depths:4 | Escaped the Abyss
 47436 | Depths:4 | Lost mutation: You are clumsy. (Dex -2) [potion of cure mutation]
 47826 | Depths:4 | Noticed a greater mummy
 47848 | Depths:4 | Killed a greater mummy
 47879 | Depths:4 | Noticed a greater mummy
 47895 | Depths:4 | Killed a greater mummy
 47898 | Depths:4 | Reached XP level 24. HP: 163/163 MP: 31/31
 48112 | Depths:5 | Entered Level 5 of the Depths
 48523 | Depths:5 | Paralysed by a great orb of eyes for 6 turns
 48914 | Depths:5 | Noticed a juggernaut
 48935 | Depths:5 | Killed a juggernaut
 48935 | Depths:5 | Received a gift from Okawaru
 48942 | Depths:5 | Cast into level 3 of the Abyss (merfolk impaler)
 49169 | Depths:5 | Escaped the Abyss
 49713 | Depths:5 | Received a gift from Okawaru
 49800 | Depths:5 | Found a gate to the Realm of Zot.
 50131 | Depths:4 | Noticed a greater mummy
 50142 | Depths:4 | Killed a greater mummy
 50724 | Vaults:4 | Found Juath's Antique Weapon Emporium.
 50782 | Vaults:4 | Noticed Jory
 50792 | Vaults:4 | Noticed Xtahua
 50808 | Vaults:4 | Killed Jory
 50818 | Vaults:4 | Killed Xtahua
 51001 | Vaults:4 | HP: 3/164 [Hell Sentinel/damnation (41)]
 51004 | Vaults:4 | HP: 1/246 [Hell Sentinel's spines (4)]
 51004 | Vaults:4 | Killed from afar by a Hell Sentinel

Skill      XL: |  1  2  3  4  5  6  7  8  9 10 11 12 13 14 15 16 17 18 19 20 21 22 23 24 |
---------------+-------------------------------------------------------------------------+-----
Shields        | 4 5 6 8 9 10 11 13 14 15 16 17 18 19 20 | 20.0
Maces & Flails | 3 4 5 7 9 10 12 13 14 15 16 17 18 19 20 | 20.1
Dodging        | 1 2 3 4 5 6 8 9 10 11 12 13 14 15 16 | 16.3
Armour         | 4 5 6 7 9 10 11 12 13 14 15 16 17 | 17.6
Fighting       | 4 5 6 7 8 9 10 11 12 13 14 15 16 18 19 20 | 20.5
Evocations     | 1 |  1.0
Stealth        | 1 2 |  2.3
Invocations    | 3 5 6 7 8 9 11 | 11.2

Action                   |  1- 3 |  4- 6 |  7- 9 | 10-12 | 13-15 | 16-18 | 19-21 | 22-24 || total
-------------------------+-------+-------+-------+-------+-------+-------+-------+-------++-------
Melee: Flail             |   116 |   226 |   635 |   758 |  1428 |  1848 |  1943 |       ||  6954
       Headbutt          |       |       |       |   154 |   289 |       |       |       ||   443
       Morningstar       |       |       |       |       |       |       |   672 |  2621 ||  3293
Invok: Finesse           |       |       |       |       |     1 |     8 |    14 |    12 ||    35
 Abil: Fly               |       |       |       |       |     1 |       |       |     1 ||     2
       Stop Flying       |       |       |       |       |       |       |       |     2 ||     2
Evoke: Wand              |       |       |       |     4 |       |     3 |       |       ||     7
  Use: Scroll            |     5 |     2 |     5 |    16 |    15 |     8 |    21 |    20 ||    92
       Potion            |     1 |     3 |     7 |     9 |     5 |     4 |     4 |     7 ||    40
 Stab: Invisible         |       |       |     2 |       |       |       |       |       ||     2
       Confused          |       |       |       |       |       |       |       |     3 ||     3
  Eat: Chunk             |       |     5 |    13 |    29 |    34 |    18 |    24 |    31 ||   154
       Fruit             |       |       |       |     1 |       |       |       |       ||     1
       Royal jelly       |       |       |       |       |       |     5 |       |       ||     5
       Bread ration      |       |       |       |       |       |       |     3 |       ||     3
Armor: Scale mail        |    91 |    90 |    98 |       |       |       |       |       ||   279
       Chain mail        |       |       |   308 |   270 |   422 |   608 |   588 |   776 ||  2972
Dodge: Dodged            |    52 |    63 |   202 |   157 |   447 |   790 |  1077 |  1383 ||  4171
Block: Shield            |    86 |   128 |   398 |   365 |   997 |  1439 |  2057 |  2448 ||  7918
       Reflection        |       |       |       |    10 |    43 |    99 |    79 |    69 ||   300
       Rpst.: Morningstar |       |       |       |       |       |       |       |   189 ||   189
